Map: [ESL] Inside and Out

Players

ShaDoWn - Winner!

  • Race: Protoss Protoss
  • Spawn Location: 1:00

Gerald

  • Race: Protoss Protoss
  • Spawn Location: 7:00

Event: DreamHack SC2 Masters 2022 Atlanta (Online)

VOD

Have the link to the VOD?

Description

Time

  • Played on: Oct. 4, 2022, 1:23 p.m.
  • Length: 8:18

All games in this series

Show
View Real Time Build Order
Export as new Build Order

ShaDoWn Protoss - Winner!

Build Orders: Oracle Opening, Blink Stalkers 

Get SALT Encoding   

  12  0:00  Probe  
  13  0:12  Probe  
  14  0:19  Pylon  
  14  0:24  Probe  
  15  0:37  Probe (Chrono Boost), Gateway  
  16  0:47  Probe (Chrono Boost), Assimilator  
  17  0:52  Probe (Chrono Boost)  
  18  1:03  Probe (Chrono Boost)  
  19  1:05  Assimilator  
  19  1:07  Pylon  
  19  1:12  Probe (Chrono Boost)  
  19  1:17  Probe (Chrono Boost)  
  20  1:25  Cybernetics Core  
  21  1:29  Probe  
  21  1:30  Zealot  
  24  1:42  Probe  
  25  1:54  Probe  
  25  2:01  Adept  
  25  2:03  Stargate  
  25  2:06  Probe  
  28  2:09  Pylon  
  28  2:12  Warp Gate  
  28  2:18  Probe  
  29  2:31  Stalker  
  31  2:43  Probe  
  32  2:45  Oracle (Chrono Boost)  
  35  2:55  Probe  
  36  3:04  Nexus  
  36  3:09  Probe  
  35  3:13  Twilight Council  
  35  3:21  Probe  
  35  3:26  Stalker  
  38  3:27  Pylon  
  38  3:33  Probe  
  39  3:41  Blink (Chrono Boost)  
  39  3:45  Probe  
  40  3:52  Gateway  
  40  3:57  Probe  
  40  3:59  Gateway  
  41  4:08  Stalker  
  41  4:09  Probe  
  44  4:16  Probe  
  45  4:21  Probe  
  46  4:28  Probe  
  47  4:33  Probe  
  47  4:37  Assimilator  
  48  4:40  Probe, Stalker  
  48  4:44  Shield Battery  
  51  4:46  Probe  
  51  4:52  Probe  
  53  4:54  Stalker  
  53  4:55  Gateway, Stalker  
  53  4:58  Probe  
  58  5:04  Probe  
  58  5:06  Stalker  
  61  5:09  Pylon  
  61  5:12  Probe  
  62  5:17  Pylon  
  62  5:23  Pylon  
  62  5:27  Probe  
  63  5:28  Stalker  
  63  5:29  Stalker x2  
  63  5:34  Pylon  
  69  5:35  Probe  
  70  5:50  Stalker  
  70  5:52  Stalker x3  
  78  6:03  Nexus  
  78  6:15  Stalker x3  
  78  6:17  Stalker  
  86  6:24  Probe  
  84  6:26  Probe  
  82  6:36  Probe  
  83  6:42  Stalker x2  
  83  6:44  Stalker  
  88  6:47  Probe  
  88  6:53  Probe  
  87  6:59  Probe  
  82  7:06  Stalker x3  
  82  7:08  Stalker  
  90  7:11  Probe  
  90  7:12  Probe  
  92  7:22  Probe  
  88  7:23  Probe  
  89  7:31  Stalker x3  
  95  7:37  Probe  
  95  7:40  Probe  
  95  7:41  Probe  
  92  7:49  Probe  
  87  7:52  Probe  
  87  7:54  Stalker x4  
  87  7:56  Probe  
  94  8:02  Probe  
  94  8:05  Probe  
Show
View Real Time Build Order
Export as new Build Order

Gerald Protoss 

Build Orders: Blink Stalkers 

Get SALT Encoding   

  12  0:00  Probe  
  13  0:12  Probe  
  14  0:17  Pylon  
  14  0:24  Probe (Chrono Boost)  
  16  0:36  Gateway  
  16  0:37  Probe (Chrono Boost)  
  16  0:42  Probe (Chrono Boost)  
  16  0:46  Assimilator  
  17  0:51  Probe  
  18  0:58  Assimilator  
  18  1:03  Probe (Chrono Boost)  
  19  1:11  Gateway  
  19  1:13  Probe (Chrono Boost)  
  19  1:18  Probe (Chrono Boost)  
  20  1:25  Cybernetics Core  
  21  1:30  Probe  
  22  1:36  Pylon  
  22  1:42  Probe  
  22  1:46  Pylon  
  24  2:02  Pylon  
  24  2:05  Stalker x2  
  24  2:07  Probe  
  28  2:10  Warp Gate  
  28  2:18  Pylon  
  28  2:22  Pylon  
  28  2:23  Probe  
  29  2:35  Probe  
  30  2:37  Pylon  
  30  2:46  Shield Battery  
  30  2:47  Probe  
  31  2:53  Pylon  
  31  2:55  Twilight Council  
  31  2:59  Probe  
  32  3:11  Probe  
  32  3:20  Nexus  
  32  3:24  Probe  
  32  3:26  Blink (Chrono Boost)  
  33  3:36  Probe  
  34  3:48  Probe  
  34  3:49  Pylon  
  35  4:00  Shield Battery  
  35  4:01  Probe, Stalker  
  38  4:10  Stargate  
  38  4:13  Probe  
  39  4:17  Stalker  
  41  4:25  Probe  
  42  4:32  Probe  
  42  4:37  Probe  
  44  4:44  Probe  
  45  4:49  Probe  
  45  4:51  Oracle (Chrono Boost)  
  45  4:52  Stalker  
  48  4:56  Probe, Stalker  
  54  5:01  Probe  
  54  5:02  Pylon  
  55  5:10  Pylon  
  55  5:21  Oracle  
  58  5:22  Gateway  
  58  5:28  Gateway  
  58  5:29  Probe  
  59  5:36  Nexus  
  59  5:42  Probe x2  
  61  5:45  Assimilator  
  61  5:50  Stalker x2  
  61  5:54  Pylon  
  65  6:00  Probe  
  66  6:07  Probe  
  67  6:13  Probe  
  67  6:14  Stalker x2  
  72  6:22  Probe  
  73  6:32  Stalker x2  
  74  6:33  Probe  
  74  6:34  Probe  
  76  6:43  Adept x2  
  76  6:45  Probe  
  76  6:46  Probe  
  82  6:50  Probe  
  78  6:57  Probe  
  78  7:00  Probe  
  71  7:02  Probe  
  71  7:03  Stalker x2  
  76  7:09  Probe  
  76  7:12  Probe  
  76  7:13  Shield Battery  
  76  7:14  Probe  
  76  7:15  Pylon  
  79  7:21  Probe  
  76  7:27  Stalker x4  
  76  7:28  Probe  
  83  7:34  Probe x2  
  83  7:40  Probe  
  68  7:52  Stalker x2  
  68  7:53  Stalker  
  59  8:01  Stalker  
Tags
 
Add a new tag
Caveats
  • Supply blocks, unpowered buildings, or Contaminate may cause inaccurate times.
  • Supply counts are checked every 10 seconds.